Map: Ulrena

Players

Viko

  • Race: Zerg Zerg
  • League: Silver

pupu - Winner!

  • Race: Protoss Protoss
  • League: Silver

VOD

Have the link to the VOD?

Description

Time

  • Played on: April 3, 2016, 12:09 p.m.
  • Length: 11:08
Show
View Real Time Build Order
Export as new Build Order

Viko Zerg 

Build Orders: Pool First 

Get SALT Encoding   

  12  0:01  Drone  
  13  0:09  Drone  
  14  0:26  Spawning Pool  
  13  0:29  Drone  
  14  0:42  Overlord  
  14  1:06  Drone  
  14  1:09  Hatchery  
  14  1:10  Drone  
  15  1:23  Queen  
  17  1:28  Drone  
  17  1:32  Zergling x2  
  19  1:36  Zergling x2  
  19  1:42  Zergling x2  
  20  1:50  Zergling x2  
  21  1:54  Extractor  
  21  2:01  Zergling x2  
  21  2:12  Zergling x2  
  20  2:31  Drone x2  
  20  2:36  Extractor  
  20  2:37  Queen  
  23  2:45  Drone  
  23  2:50  Drone  
  25  2:55  Drone  
  25  2:57  Hatchery  
  25  3:00  Drone  
  26  3:12  Baneling Nest  
  25  3:17  Zergling x2  
  26  3:26  Metabolic Boost  
  26  3:40  Zergling x4  
  27  3:47  Zergling x2  
  27  3:52  Overlord  
  27  4:13  Drone x4  
  31  4:18  Drone  
  31  4:23  Drone  
  33  4:35  Zergling x4  
  35  4:43  Drone x2  
  35  4:44  Drone  
  38  4:49  Drone  
  38  4:50  Drone  
  40  5:00  Baneling x4  
  40  5:01  Baneling x3  
  40  5:04  Zergling x2  
  41  5:10  Overlord  
  41  5:24  Roach Warren  
  41  5:28  Drone x3  
  41  5:29  Drone  
  44  5:38  Evolution Chamber  
  44  5:39  Lair  
  35  6:01  Drone x4  
  35  6:02  Drone x5  
  43  6:11  Drone x3  
  45  6:17  Spore Crawler  
  45  6:20  Roach  
  45  6:21  Roach  
  49  6:27  Overlord  
  49  6:28  Overlord  
  49  6:45  Roach  
  49  6:46  Zergling x8  
  49  6:47  Zergling x8  
  57  7:06  Roach x4  
  65  7:13  Extractor  
  65  7:14  Roach  
  65  7:15  Extractor  
  65  7:20  Roach  
  65  7:21  Zergling x4  
  65  7:28  Roach x3  
  63  7:34  Roach  
  54  7:45  Roach x3  
  54  7:50  Zergling x2  
  54  7:51  Zergling x4  
  44  8:07  Roach x2  
  44  8:08  Roach  
  43  8:16  Roach x3  
  47  8:22  Roach  
  47  8:24  Overlord  
  49  8:35  Roach  
  49  8:36  Zergling x4, Roach  
  41  8:44  Roach x3  
  39  9:07  Drone x3  
  42  9:21  Ravager x3  
  42  9:22  Ravager  
  42  9:24  Ravager  
  47  9:27  Ravager  
  48  9:38  Drone x2  
  49  10:02  Overlord x2  
  49  10:13  Overlord  
  49  10:22  Drone x2  
  49  10:23  Drone x2  
  49  10:24  Drone  
  54  10:29  Drone  
  54  10:35  Roach  
Show
View Real Time Build Order
Export as new Build Order

pupu Protoss - Winner!

Build Orders:  

Get SALT Encoding   

  12  0:01  Probe (Chrono Boost)  
  13  0:11  Probe (Chrono Boost)  
  14  0:19  Pylon  
  14  0:25  Probe (Chrono Boost)  
  15  0:37  Probe (Chrono Boost)  
  15  0:40  Gateway  
  16  0:47  Probe (Chrono Boost)  
  17  0:51  Assimilator  
  17  0:56  Assimilator  
  17  1:03  Probe (Chrono Boost)  
  18  1:10  Forge  
  18  1:14  Probe (Chrono Boost)  
  19  1:24  Probe (Chrono Boost)  
  20  1:34  Cybernetics Core  
  20  1:37  Probe (Chrono Boost)  
  21  1:52  Photon Cannon  
  21  1:53  Probe (Chrono Boost)  
  22  1:58  Pylon  
  22  2:03  Probe (Chrono Boost)  
  23  2:08  Protoss Ground Weapons Level 1  
  23  2:24  Adept (Chrono Boost)  
  25  2:33  Warp Gate (Chrono Boost)  
  25  2:38  Probe  
  25  2:41  Pylon  
  26  2:50  Probe  
  27  3:03  Mothership Core  
  29  3:06  Nexus  
  29  3:12  Pylon  
  29  3:19  Adept  
  31  3:24  Probe  
  32  3:31  Gateway  
  32  3:37  Gateway  
  32  3:48  Probe  
  31  4:00  Probe  
  32  4:06  Twilight Council  
  32  4:08  Gateway  
  32  4:09  Protoss Ground Armor Level 1 (Chrono Boost)  
  32  4:12  Probe  
  32  4:13  Pylon  
  33  4:18  Probe  
  34  4:28  Probe, Pylon  
  35  4:40  Adept  
  37  4:45  Adept  
  37  4:46  Adept  
  41  4:52  Resonating Glaives (Chrono Boost)  
  41  4:59  Probe  
  43  5:00  Probe  
  43  5:10  Gateway  
  43  5:12  Gateway  
  43  5:15  Pylon  
  43  5:19  Pylon  
  43  5:20  Probe x2  
  45  5:26  Gateway  
  45  5:34  Adept x2  
  49  5:35  Adept  
  49  5:42  Probe x2  
  53  5:48  Assimilator  
  53  5:50  Pylon  
  53  5:54  Probe  
  44  6:04  Adept x4  
  52  6:14  Adept x2  
  52  6:17  Probe x2  
  56  7:07  Adept x3  
  56  7:08  Adept x4  
  56  7:42  Stalker x5  
  56  7:43  Stalker x2  
  62  8:09  Stalker x5  
  62  8:10  Stalker x2  
  70  8:29  Probe x2  
  70  8:41  Probe x2  
  56  8:55  Stalker x3  
  58  8:56  Stalker x4  
  68  9:12  Probe x2  
  70  9:19  Assimilator  
  70  9:24  Probe  
  70  9:27  Nexus  
  70  9:30  Pylon  
  71  9:32  Pylon  
  71  9:37  Pylon  
  71  9:42  Pylon  
  71  9:43  Gateway  
  71  9:45  Gateway  
  71  9:47  Stalker x2, Assimilator, Gateway  
  71  9:48  Stalker, Assimilator  
  71  9:49  Stalker  
  71  9:50  Gateway  
  71  9:51  Sentry  
  71  9:52  Sentry, Pylon  
  81  9:55  Gateway  
  81  9:58  Stalker  
  85  10:05  Probe x2  
  87  10:17  Probe x2  
  89  10:22  Stalker x2  
  89  10:23  Stalker  
Tags
 
Add a new tag
Caveats
  • Supply blocks, unpowered buildings, or Contaminate may cause inaccurate times.
  • Supply counts are checked every 10 seconds.